 Dungeon Crawl Stone Soup version 0.29.1-1-gd02db6906a (webtiles) character file.

Game seed: 13584180138903858230

141 safid the Shooter (level 5, -4/45 HPs)
             Began as a Minotaur Hunter on Oct 4, 2022.
             Slain by a hornet (11 damage)
             ... on level 4 of the Dungeon.
             The game lasted 00:04:13 (2645 turns).

safid the Shooter (Minotaur Hunter)                 Turns: 2645, Time: 00:04:14

Health: -4/45      AC:  8    Str: 24    XL:     5   Next: 3%
Magic:  4/4        EV: 12    Int:  6    God:
Gold:   173        SH:  5    Dex: 19    Spells: 4/4 levels left

rFire   . . .      SeeInvis .   a - +0 shortbow
rCold   . . .      Faith    .   (shield currently unavailable)
rNeg    . . .      Spirit   .   p - +3 ring mail of Discretion {Str+2 Dex+4}
rPois   .          Reflect  +   (helmet restricted)
rElec   .          Harm     .   (no cloak)
rCorr   +          Rampage  .   (no gloves)
Will    .....                   (no boots)
Stlth   +.........              n - amulet of reflection
HPRegen 0.15/turn               m - ring of resist corrosion
MPRegen 0.09/turn               j - +6 ring of strength

@: lethally poisoned (-4 -> -8), flying, hasted and slowed
A: horns 2, retaliatory headbutt
a: no special abilities


You were on level 4 of the Dungeon.
You visited 1 branch of the dungeon, and saw 4 of its levels.

You collected 173 gold pieces.

Inventory:

Hand Weapons
 a - a +0 shortbow (weapon)
Armour
 p - the +3 ring mail of Discretion (worn) {Str+2 Dex+4}
   (You found it on level 2 of the Dungeon)

   Str:       It affects your strength (+2).
   Dex:       It affects your dexterity (+4).
Jewellery
 j - a +6 ring of strength (right hand)
 m - a ring of resist corrosion (left hand)
 n - an amulet of reflection (around neck)
 r - a ring of wizardry
Wands
 c - a wand of flame (25)
Scrolls
 b - 2 scrolls of immolation
 d - 3 scrolls of teleportation {unknown}
 f - a scroll of enchant weapon {unknown}
 k - 4 scrolls of poison {unknown}
 l - a scroll of brand weapon {unknown}
 t - a scroll of fear {unknown}
 u - a scroll of blinking {unknown}
Potions
 e - a potion of haste
 g - 2 potions of degeneration {unknown}
 h - a potion of resistance {unknown}
 i - a potion of mutation {unknown}
 o - a potion of flight
 q - 2 potions of brilliance {unknown}
 s - a potion of attraction {unknown}


   Skills:
 - Level 3.0 Fighting
 + Level 6.8 Ranged Weapons
 - Level 2.1 Dodging
 - Level 0.7 Stealth


You had 4 spell levels left.
You didn't know any spells.
Your spell library contained the following spells:

 Spells                   Type           Power      Damage    Failure   Level
 Magic Dart               Conj           0%         1d3       61%         1
 Call Imp                 Summ           0%         N/A       75%         2
 Mephitic Cloud           Conj/Pois/Air  0%         N/A       93%         3


Dungeon Overview and Level Annotations

Branches:
Dungeon (4/15)
 Temple: D:4-7

Altars:
Fedhas
Ru


Innate Abilities, Weirdness & Mutations

You have a pair of horns on your head.
You reflexively headbutt those who attack you in melee.


Message History

You open the door.
There is an open door here.
There is an open door here.
A hornet comes into view.
You shoot an arrow. The hornet buzzes angrily.
The arrow hits the hornet.
The hornet is lightly wounded.
You shoot an arrow. The arrow misses the hornet.
You shoot an arrow. The arrow closely misses the hornet.
An adder comes into view.
You shoot an arrow. The adder hisses angrily.
The arrow hits the hornet!
The hornet is heavily wounded.
You block the hornet's attack. The hornet stings you!
You feel yourself slow down.
You shoot an arrow. The arrow hits the hornet.
The hornet is severely wounded.
The hornet stings you!
You feel as though you will be slow longer.
The hornet stings you.
You are poisoned.
You suddenly lose the ability to move!
The hornet stings you.
You feel as though you will be slow longer.
You can move again.
Unknown command.
It was a potion of flight.
You feel very buoyant.
You fly up into the air.
You feel very sick.
The hornet barely misses you. x2; You furiously retaliate!
You headbutt the hornet.
It was a potion of haste.
You feel yourself speed up.
You feel sick. The adder closely misses you. You furiously retaliate!
You headbutt the adder.
The hornet stings you but does no damage.
The adder bites you.
* * * LOW HITPOINT WARNING * * *
The hornet stings you!
You die...

# ##.....##
#.......# #
##...##
###.#####
##'# #.# #.
#.# # #.#
#### #.# .
... #.#
....##.###.#
......y@...#
#...##S#####
. #. #. #.
.. ##


You could see a hornet and an adder.

Vanquished Creatures
  An orc wizard (D:4)
  3 adders
  3 worms
  3 dart slugs
  6 orcs
  5 bats
  5 endoplasms
  4 giant cockroaches
  4 goblins
  12 hobgoblins
  3 kobolds
  3 quokkas
  4 ball pythons
  A frilled lizard (D:2)
  5 rats
62 creatures vanquished.

Notes
Turn   | Place    | Note
-------+----------+-------------------------------------------
     0 | D:1      | safid the Minotaur Hunter began the quest for the Orb.
     0 | D:1      | Reached XP level 1. HP: 18/18 MP: 0/0
   278 | D:1      | Reached XP level 2. HP: 25/25 MP: 1/1
   586 | D:2      | Identified the +1 helmet of the Eight Boll Weevils {Contam
                  | rF+++ rC- Dex+5}
   600 | D:2      | Found a blossoming altar of Fedhas.
   619 | D:2      | Reached skill level 5 in Ranged Weapons
   689 | D:2      | Identified the +3 ring mail of Discretion {Str+2 Dex+4}
   795 | D:2      | Reached XP level 3. HP: 21/31 MP: 2/2
  1261 | D:2      | Found a faded altar of an unknown god.
  1492 | D:3      | Reached skill level 6 in Ranged Weapons
  1492 | D:3      | Reached XP level 4. HP: 38/38 MP: 3/3
  2224 | D:4      | Found a sacrificial altar of Ru.
  2506 | D:4      | Noticed an ogre
  2574 | D:4      | Reached XP level 5. HP: 45/45 MP: 4/4
  2638 | D:4      | Noticed a hornet
  2643 | D:4      | Paralysed by a hornet for 2 turns
  2645 | D:4      | Slain by a hornet

Illustrated notes

Levels and vault maps discovered:
D:1:      minmay_arrival_open_corners, layout_loops_ring, nrook_loot_triangle
D:2:      wad_river_or_something, layout_basic, basic_altar,
          ebering_ecumenical_altar_hall, st_stairs_8
D:3:      layout_rooms, chequers_arboretum
D:4:      layout_loops_corners, nicolae_ru_awakened_eye,
          minmay_misc_feat_plants, uniq_grinder, uniq_blork_the_orc

Skill      XL: |  1  2  3 |
---------------+----------+-----
Fighting       | 3 |  3.0
Ranged Weapons | 5 6 |  6.8
Dodging        | |  2.1
Stealth        | |  0.7

Action                   |  1- 3 |  4- 6 || total
-------------------------+-------+-------++-------
 Fire: Shortbow          |    99 |    86 ||   185
  Use: Potion            |       |     2 ||     2
Armor: Leather armour    |     6 |       ||     6
       Ring mail         |     5 |    26 ||    31
Dodge: Dodged            |    19 |    22 ||    41
Block: Other             |     5 |    12 ||    17
       Reflection        |       |     1 ||     1
